 Dungeon Crawl Stone Soup version 0.30-a0-6-g7c9e10e132 (webtiles) character file.

Game seed: 4681518195880985205

32 themarg the Twirler (level 3, -1/28 HPs)
             Began as a Gnoll Wanderer on Aug 22, 2022.
             Slain by an adder (3 damage)
             ... on level 2 of the Dungeon.
             The game lasted 00:04:41 (1377 turns).

themarg the Twirler (Gnoll Wanderer)                Turns: 1377, Time: 00:04:42

Health: -1/28      AC:  4    Str:  9    XL:     3   Next: 25%
Magic:  7/7        EV: 12    Int: 14    God:
Gold:   45         SH:  0    Dex: 12    Spells: 6/7 levels left

rFire   . . .      SeeInvis .    i - +0 short sword
rCold   . . .      Faith    .    (no shield)
rNeg    . . .      Spirit   .    k - +0 leather armour
rPois   .          Reflect  .    (no helmet)
rElec   .          Harm     .    (no cloak)
rCorr   .          Rampage  .    (no gloves)
Will    .....                    b - +0 pair of boots
Stlth   ++........               (no amulet)
HPRegen 0.09/turn                (no ring)
MPRegen 0.10/turn                (no ring)

@: lethally poisoned (-1 -> -9)
A: fangs 1, strong nose, distributed training
a: no special abilities


You were on level 2 of the Dungeon.
You visited 1 branch of the dungeon, and saw 2 of its levels.

You collected 45 gold pieces.

Inventory:

Hand Weapons
 i - a +0 short sword (weapon)
Armour
 b - a +0 pair of boots (worn)
 k - a +0 leather armour (worn)
Scrolls
 a - a scroll of vulnerability {unknown}
 e - a scroll of immolation {unknown}
 f - a scroll of teleportation {unknown}
 j - a scroll of identify {unknown}
 m - a scroll of poison {unknown}
Potions
 c - a potion of invisibility
 g - a potion of experience {unknown}
 h - a potion of flight {unknown}
 l - a potion of mutation {unknown}


   Skills:
 + Level 2.6 Fighting
 + Level 0.7 Short Blades
 + Level 0.7 Long Blades
 + Level 0.7 Axes
 + Level 0.7 Maces & Flails
 + Level 0.7 Polearms
 + Level 4.5 Staves
 + Level 0.7 Ranged Weapons
 + Level 0.7 Throwing
 + Level 2.6 Armour
 + Level 2.6 Dodging
 + Level 4.1 Stealth
 + Level 0.7 Shields
 + Level 0.7 Unarmed Combat
 + Level 2.8 Spellcasting
 + Level 0.5 Conjurations
 + Level 0.5 Hexes
 + Level 0.5 Summonings
 + Level 0.5 Necromancy
 + Level 0.5 Translocations
 + Level 0.5 Transmutations
 + Level 0.5 Fire Magic
 + Level 0.5 Ice Magic
 + Level 3.7 Air Magic
 + Level 0.5 Earth Magic
 + Level 0.5 Poison Magic
 + Level 0.9 Invocations
 + Level 0.7 Evocations


You had 6 spell levels left.
You knew the following spells:

 Your Spells              Type           Power      Damage    Failure   Level
a - Shock                 Conj/Air       28%        1d4       12%         1

Your spell library contained the following spells:

 Spells                   Type           Power      Damage    Failure   Level
 Static Discharge         Conj/Air       7%         3-4/arc   19%         2
 Mephitic Cloud           Conj/Pois/Air  6%         N/A       43%         3
 Airstrike                Air            6%         2d(1-17)  54%         4
 Ignite Poison            Fire/Tmut/Pois 3%         N/A       58%         3
 Freezing Cloud           Conj/Ice/Air   3%         6-21      99%         5


Dungeon Overview and Level Annotations

Branches:
Dungeon (2/15)

Altars:


Innate Abilities, Weirdness & Mutations

You have very sharp teeth.
Your uncanny sense of smell can sniff out nearby items.
Your experience applies equally to all skills.


Message History

You closely miss the goblin. The goblin hits you but does no damage.
You closely miss the goblin. Your punch misses the goblin.
The goblin hits you but does no damage.
You hit the goblin.
You kill the goblin!
An adder comes into view.
A rat comes into view.
You hit the goblin.
The goblin is heavily wounded.
The goblin closely misses you.
You hit the goblin.
You kill the goblin!
You barely miss the adder. The adder bites you. x2
You are poisoned.
The adder poisons you!
You closely miss the adder.
You feel sick. The adder bites you.
You are more poisoned.
The adder poisons you!
You hit the adder.
The adder is lightly wounded.
You feel sick. The adder bites you but does no damage. The adder bites you.
You hit the adder.
The adder is lightly wounded.
You feel sick. The adder bites you but does no damage.
You barely miss the adder.
The adder is lightly wounded.
You feel sick. The adder misses you.
You hit the adder.
The adder is heavily wounded.
You feel sick. The adder bites you.
* * * LOW HITPOINT WARNING * * *
You are lethally poisoned!
The adder poisons you!
You hit the adder.
The adder is almost dead.
* * * LOW HITPOINT WARNING * * *
You feel very sick. The adder bites you.
* * * LOW HITPOINT WARNING * * *
The adder bites you.
You die...

## ...
#...#######...
#.rS@...##.#
#...#####.##.#
## #.##.#
#.##.# #.##.#
#.##.# #.#..#
#..#.##
##.#...##


You could see an adder and a rat.

Vanquished Creatures
  A dart slug (D:1)
  2 bats
  4 endoplasms (D:1)
  4 giant cockroaches (D:1)
  3 goblins
  3 hobgoblins (D:1)
  3 kobolds (D:1)
  A frilled lizard (D:1)
  5 rats (D:1)
26 creatures vanquished.

Vanquished Creatures (others)
  3 plants (D:2)
3 creatures vanquished.

Grand Total: 29 creatures vanquished

Notes
Turn   | Place    | Note
-------+----------+-------------------------------------------
     0 | D:1      | themarg the Gnoll Wanderer began the quest for the Orb.
     0 | D:1      | themarg set off with the following items: a +0
                  | quarterstaff, a +0 pair of boots, a potion of invisibility,
                  | a +0 robe; and the following spell memorised: Shock; and
                  | the following spells available to memorise: Static
                  | Discharge, Airstrike.
     0 | D:1      | Reached XP level 1. HP: 17/17 MP: 4/4
   340 | D:1      | Reached XP level 2. HP: 23/23 MP: 2/5
   850 | D:1      | Reached XP level 3. HP: 16/28 MP: 2/7
  1377 | D:2      | Slain by an adder

Illustrated notes

Levels and vault maps discovered:
D:1:      giann_horns, layout_rooms
D:2:      layout_loops_ring, hellmonk_ecumenical_altar_run_dry,
          serial_bayou_ford_a, bh_walls_and_bars

Action                   || total
-------------------------++-------
Melee: Quarterstaff      ||    28
       Bite              ||     8
       Short sword       ||    17
 Cast: Shock             ||    36
 Stab: Sleeping          ||     2
Armor: Robe              ||    10
       Leather armour    ||     4
Dodge: Dodged            ||    31

Table legend: (Time is in decaauts)
 A = Elapsed time spent in this place.
 B = Non-inter-level travel time spent in this place.
 C = Inter-level travel time spent in this place.
 D = Time resting spent in this place.
 E = Time spent auto-exploring this place.
 F = Levels seen in this place.
 G = Mean time per level.
                   A        B        C        D        E       F      G
               +--------+--------+--------+--------+--------+-----+--------+
         Total |   1379 |   1356 |     23 |    764 |    341 |   2 |  689.5 |
       Dungeon |   1379 |   1356 |     23 |    764 |    341 |   2 |  689.5 |
               +--------+--------+--------+--------+--------+-----+--------+

Top non-repeatable levels by time:
     D:1: 1306 daAuts
     D:2: 73 daAuts
